 Dungeon Sprint DCSS version 0.32-a0-640-gc5db3fc80f (webtiles) character file.

Game seed: 12114397986732863152

6 petercordia the Covered (level 1, -5/19 HPs)
             Began as an Armataur Fighter on Mar 7, 2024.
             Killed by divine providence
             ... invoked by an orc priest
              (13 damage)
             ... in the Dungeon (Sprint IX: "|||||||||||||||||||||||||||||").
             The game lasted 00:00:14 (26 turns).

petercordia the Covered (Armataur Fighter)            Turns: 26, Time: 00:00:19

Health: -5/19      AC:  7    Str: 21    XL:     1   Next: 75%
Magic:  1/1        EV:  7    Int:  8    God:
Gold:   0          SH:  4    Dex:  9    Spells: 0/0 levels left

rFire   . . .        a - +0 flail
rCold   . . .        c - +0 buckler
rNeg    . . .        b - +0 scale mail
rPois   .            (no helmet)
rElec   .            (no cloak)
rCorr   .            (no gloves)
SInv    .            (no barding)
Will    .....        (no amulet) Stlth
                     (no ring)
HPRegen 0.23/turn    (no ring)
MPRegen 0.07/turn

%: no teleportation, roll
@: no status effects
A: large, deformed body, tough skin 3, armoured tail, roll 1
a: Convert to Beogh


You were in the Dungeon.
You visited 1 branch

Inventory:

Hand Weapons
 a - a +0 flail (weapon)
Armour
 b - a +0 scale mail (worn)
 c - a +0 buckler (worn)
Scrolls
 j - a scroll of blinking
Potions
 d - a potion of might
 e - a potion of curing
 f - a potion of heal wounds
 g - a potion of haste
 h - 2 potions of magic
 i - a potion of berserk rage


   Skills:
 * Level 3.1 Fighting
 * Level 2.1 Maces & Flails
 * Level 4.2 Armour
 * Level 0.5 Dodging
 * Level 3.8 Shields


You couldn't memorise any spells.
You didn't know any spells.
Your spell library was empty.

Dungeon Overview and Level Annotations

Branches:
Dungeon (1/1)

Altars:


Innate Abilities, Weirdness & Mutations

Armour fits poorly on your strangely shaped body.
You have extremely tough skin. (AC +3)
You have a long armoured tail.
You regenerate magic when rolling toward enemies. (Rampage MPRegen)


Message History

Your Fighting skill increases to level 3!
Your Maces & Flails skill increases to level 2!
Your Armour skill increases to level 4!
You barely miss the hobgoblin. The hobgoblin barely misses you. x2
You thump the hobgoblin!
You kill the hobgoblin!
The quokka bites you but does no damage.
You hit the quokka.
The quokka is almost dead.
The quokka bites you but does no damage.
You closely miss the quokka.
The quokka is almost dead.
The quokka closely misses you. The quokka barely misses you.
You sock the quokka!
You kill the quokka!
No target in view!
No target in view!
No target in view!
No target in view!
No target in view!
Unknown command.
No target in view!
Unknown command.
No target in view!
No target in view!
No target in view!
There is an open door to the Dungeon, spattered with blood here.
Items here: ) †††.
You open the door.
An adder, an iguana, an ogre, an orc priest and an ice beast come into view.
The orc priest is wielding a +2 hand axe of venom.
The adder hisses angrily.
The iguana hisses angrily.
The ogre shouts!
The orc priest shouts!
You hit the ice beast.
The ice beast is lightly wounded.
The ice beast hits you. The ice beast freezes you!
The orc priest invokes the aid of Beogh against you.
Beogh smites you!
Ouch! That really hurt!
You die...

▓+▓
▓S▓
▓l▓
▓O▓
▓o▓
▓.▓
▓Y▓
▓@▓
▓.▓
▓.▓
▓.▓
▓.▓
▓)▓
▓.▓
▓.▓
▓.▓


You could see an ice beast, an ogre, an iguana, an orc priest and an adder.

Vanquished Creatures
  A goblin (D)
  A hobgoblin (D)
  A jackal (D)
  A quokka (D)
  A rat (D)
5 creatures vanquished.

Notes
Turn   | Place    | Note
-------+----------+-------------------------------------------
     0 | D        | petercordia the Armataur Fighter began the quest for the
                  | Orb.
     0 | D        | Reached XP level 1. HP: 18/18 MP: 1/1
    14 | D        | Reached skill level 4 in Armour
    25 | D        | Noticed an iguana
    25 | D        | Noticed an ogre
    25 | D        | Noticed an orc priest
    25 | D        | Noticed an ice beast
    26 | D        | Killed from afar by an orc priest

Illustrated notes

Levels and vault maps discovered:
D:        linesprint [early_d, line_temple, items_1, d_10, items_2, lair_1,
          lair_end, items_3, orc_1, orc_end, items_4, d_15, swamp_1, shoals_1,
          snake_1, spider_1, d_20, vaults_1, items_5, swamp_end, shoals_end,
          snake_end, spider_end, vaults_end, d_27, items_6, zot_1, zot_end,
          crypt_end, forest_end, elf_end, slime_end, tomb_end, abyss_end,
          pan_hell_end]

Skill      XL: |  1 |
---------------+----+-----
Fighting       | 3 |  3.1
Maces & Flails | 2 |  2.1
Armour         | 4 |  4.2
Dodging        | |  0.5
Shields        | |  3.8

Action                     || total
---------------------------++-------
  Melee: Flail             ||    16
         Tailslap          ||     2
 Armour: Scale mail        ||    10
  Dodge: Dodged            ||     9
  Block: Buckler           ||     1

Table legend: (Time is in decaauts)
 A = Elapsed time spent in this place.
 B = Non-inter-level travel time spent in this place.
 C = Inter-level travel time spent in this place.
 D = Time resting spent in this place.
 E = Time spent auto-exploring this place.
 F = Levels seen in this place.
 G = Mean time per level.
                   A        B        C        D        E       F      G
               +--------+--------+--------+--------+--------+-----+--------+
         Total |     31 |     31 |      0 |      0 |      9 |   1 |   31.0 |
       Dungeon |     31 |     31 |      0 |      0 |      9 |   1 |   31.0 |
               +--------+--------+--------+--------+--------+-----+--------+

Top non-repeatable levels by time:
       D: 31 daAuts
